 Dungeon Crawl Stone Soup version 0.26-a0-1053-gaff5f71418 (webtiles) character file.

Game seed: 997607026224462757

1554 wythoutpain the Geomancer (level 8, -3/44 HPs)
             Began as a Gargoyle Earth Elementalist on Dec 12, 2020.
             Killed by divine providence
             ... invoked by an orc priest
              (15 damage)
             ... on level 5 of the Dungeon.
             The game lasted 01:08:38 (5838 turns).

wythoutpain the Geomancer (GrEE)                    Turns: 5838, Time: 01:08:50

Health: -3/44      AC: 10    Str: 12    XL:     8   Next: 88%
Magic:  9/17       EV: 12    Int: 18    God:
Gold:   234        SH:  0    Dex: 10    Spells: 4/19 levels left

rFire    . . .     SeeInvis .   n - +3 quarterstaff (chaos)
rCold    . . .     Faith    .   (shield currently unavailable)
rNeg     + . .     Spirit   .   B - +1 robe
rPois    ∞         Reflect  .   (no helmet)
rElec    +         Harm     .   o - +0 cloak
rCorr    .         Rampage  .   e - +0 pair of gloves
Will     .....                  (no boots)
Stlth    ++........             (no amulet)
HPRegen  0.14/turn              (no ring)
MPRegen  0.15/turn              (no ring)

@: no status effects
A: negative energy resistance 1, electricity resistance, unbreathing,
petrification resistance, rot immunity, AC +5
a: no special abilities


You were on level 5 of the Dungeon.
You visited 1 branch of the dungeon, and saw 5 of its levels.

You collected 234 gold pieces.

Inventory:

Hand Weapons
 c - a +2 flail of holy wrath
 n - a +3 quarterstaff of chaos (weapon)
 z - a +1 whip of venom
Missiles
 b - 40 stones
 s - 52 poisoned darts
 D - a throwing net
Armour
 e - a +0 pair of gloves (worn)
 o - a +0 cloak (worn)
 t - a +3 leather armour
 B - a +1 robe (worn)
Wands
 j - a wand of flame (18)
 m - a wand of random effects (7)
Scrolls
 a - a scroll of identify
 h - 5 scrolls of immolation
 i - 2 scrolls of remove curse
 q - 4 scrolls of blinking
 r - 4 scrolls of fog
 u - a scroll of noise {unknown}
 v - 2 scrolls of amnesia
 y - 2 scrolls of teleportation
 C - a scroll of magic mapping
Potions
 d - 4 potions of brilliance
 f - a potion of ambrosia {unknown}
 g - a potion of cancellation {unknown}
 k - 2 potions of berserk rage {unknown}
 p - a potion of flight {unknown}
 w - 2 potions of heal wounds {unknown}
 x - 2 potions of degeneration {unknown}
 A - a potion of haste {unknown}


   Skills:
 + Level 2.1 Fighting
 - Level 1.2(2.7) Maces & Flails
 + Level 3.8(4.0) Staves
 + Level 2.3 Dodging
 + Level 3.3 Stealth
 + Level 6.2 Spellcasting
 + Level 0.9 Conjurations
 + Level 0.8 Transmutations
 + Level 8.2 Earth Magic


You had 4 spell levels left.
You knew the following spells:

 Your Spells              Type           Power        Failure   Level
a - Sandblast             Erth           #####.       1%          1
b - Passwall              Tmut/Erth      ###.....     2%          2
c - Stone Arrow           Conj/Erth      ###...       5%          3
d - Lee's Rapid Deconstr  Erth           #####.....   11%         5
e - Petrify               Tmut/Erth      ###.....     19%         4

Your spell library contained the following spells:

 Spells                   Type           Power        Failure   Level
 Corona                   Hex            #......      12%         1
 Ensorcelled Hibernation  Hex/Ice        #.....       19%         2
 Dazzling Flash           Conj/Hex       #.....       28%         3
 Confusing Touch          Hex            #.......     34%         3
 Tukima's Dance           Hex            #.......     34%         3


Dungeon Overview and Level Annotations

Branches:
Dungeon (5/15)
 Temple: D:4-7

Altars:
Ashenzari
Dithmenos
Elyvilon
Fedhas
Makhleb
Trog
Xom


Innate Abilities, Weirdness & Mutations

You are resistant to torment.
Your stone body is resilient. (AC +5)
You are immune to poison.
You resist negative energy. (rN+)
You are resistant to electric shocks. (rElec)
You can survive without breathing.
You are immune to petrification.
You are immune to rotting.


Message History

The blast of sand hits the orc!
You kill the orc!
Aiming: Stone Arrow (dangerous; 5% risk of failure)
Press: ? - help, Q - select action, (/) - cycle Shift-Dir - straight line, f - orc priest
Aim: an orc priest, wielding a +0 mace (29% to evade)
The stone arrow hits the orc priest!
The orc priest is almost dead.
The orc priest mumbles some strange prayers to Beogh against you.
Beogh smites you!
You feel better.
The orc priest invokes the aid of Beogh against you.
Beogh smites you!
* * * LOW HITPOINT WARNING * * *
Aiming: Passwall (safe; 2% risk of failure)
Press: ? - help, Q - select action, (/) - cycle Dir - move target, p - orc priest A rock wall.
This rock feels extremely deep.
The orc priest mumbles some strange prayers to Beogh against you.
Beogh smites you!
You die...

######## ######
#......# .....#
#.####.#
.###.######.# #.#
.# #.....##.#
#.#####
.###.###.##.#
#@..o.### .....#
#.##.# #.###o..#
##..## #.##.# #.#
##..# #..# #....#
#.# ...#. ##..#
####.# ###
o).#..# ....#####
#.# )._#§§#
........###.#####
...#§##
...#............#
...###
...#.##.###.#####
..###


You could see 2 orc priests.

Vanquished Creatures
  Sigmund (D:5)
  Eustachio (D:5)
  Edmund (D:5)
  2 sky beasts
  A centaur (D:5)
  Blork the orc (D:5)
  3 hounds
  5 orc wizards
  5 orc priests
  Crazy Yiuf (D:2)
  Natasha (thrice) (D:3)
  3 worker ants
  A worker ant zombie (D:5)
  7 gnolls
  5 adders
  2 oozes
  4 worms
  A dart slug (D:3)
  3 leopard geckos
  17 orcs
  5 giant cockroaches
  5 goblins
  12 hobgoblins
  18 jackals
  4 quokkas
  3 ball pythons
  11 bats
  6 frilled lizards
  A jackal skeleton (D:4)
  7 kobolds
  A leopard gecko skeleton (D:5)
  A quokka skeleton (D:4)
  A quokka zombie (D:5)
  5 rats
147 creatures vanquished.

Vanquished Creatures (others)
  A quokka (D:5)
1 creature vanquished.

Grand Total: 148 creatures vanquished

Notes
Turn   | Place    | Note
-------+----------+-------------------------------------------
     0 | D:1      | wythoutpain the Gargoyle Earth Elementalist began the quest
                  | for the Orb.
     0 | D:1      | Reached XP level 1. HP: 10/10 MP: 3/3
   206 | D:1      | Reached XP level 2. HP: 15/15 MP: 3/5
   553 | D:1      | Reached skill level 4 in Earth Magic
  1114 | D:2      | Reached XP level 3. HP: 19/19 MP: 5/7
  1599 | D:2      | Found a bloodstained altar of Trog.
  1656 | D:2      | Found a shimmering altar of Xom.
  1666 | D:2      | Reached XP level 4. HP: 24/24 MP: 3/8
  1718 | D:2      | Found a runed translucent door.
  1719 | D:2      | Noticed Crazy Yiuf
  1727 | D:2      | Killed Crazy Yiuf
  1728 | D:2      | Reached skill level 1 in Maces & Flails
  2014 | D:3      | Learned a level 2 spell: Passwall
  2276 | D:3      | Found a white marble altar of Elyvilon.
  2292 | D:3      | Reached XP level 5. HP: 26/28 MP: 7/9
  2500 | D:3      | Noticed Natasha
  2514 | D:3      | Killed Natasha
  2515 | D:3      | Reached skill level 1 in Fighting
  2515 | D:3      | Reached skill level 1 in Staves
  2575 | D:3      | Reached skill level 5 in Earth Magic
  2604 | D:3      | Noticed Natasha
  2643 | D:3      | Reached XP level 6. HP: 34/34 MP: 8/11
  3058 | D:3      | Killed Natasha
  3133 | D:3      | Noticed Natasha
  3144 | D:3      | Killed Natasha
  3354 | D:4      | Reached skill level 6 in Earth Magic
  3354 | D:4      | Reached XP level 7. HP: 29/38 MP: 2/13
  3744 | D:4      | Found a broken altar of Ashenzari.
  3893 | D:4      | Learned a level 3 spell: Stone Arrow
  4488 | D:5      | Entered Level 5 of the Dungeon
  4736 | D:5      | Found a blossoming altar of Fedhas.
  4900 | D:5      | Noticed Sigmund
  4915 | D:5      | Killed Sigmund
  4916 | D:5      | Reached skill level 5 in Spellcasting
  4916 | D:5      | Reached skill level 7 in Earth Magic
  4916 | D:5      | Reached XP level 8. HP: 35/44 MP: 6/15
  4993 | D:5      | Noticed Blork the orc
  5005 | D:5      | Killed Blork the orc
  5119 | D:5      | Noticed Edmund
  5138 | D:5      | Killed Edmund
  5253 | D:5      | Found a burning altar of Makhleb.
  5356 | D:5      | Noticed Eustachio
  5377 | D:5      | Killed Eustachio
  5378 | D:5      | Reached skill level 8 in Earth Magic
  5478 | D:5      | Learned a level 5 spell: Lee's Rapid Deconstruction
  5483 | D:5      | Learned a level 4 spell: Petrify
  5826 | D:5      | Noticed a shadow
  5827 | D:5      | Found a shadowy altar of Dithmenos.
  5838 | D:5      | Killed from afar by an orc priest

Illustrated notes

Levels and vault maps discovered:
D:1:      saegor_arrival_simple_d, layout_basic
D:2:      layout_basic, brannock_xom_greatest_gift,
          lemuel_coloured_pillars_altar, roderic_roman_lattice,
          uniq_crazy_yiuf_cottage
D:3:      layout_basic, elyvilon_altar_3, uniq_natasha
D:4:      layout_basic, general_overflow_altar, minivault_1
D:5:      layout_loops_ring, riverfiend_overflow_shadow_ancestor,
          bloody_makhleb, fedhas_bush_and_centaur_altar, lemuel_flamethrower_2,
          uniq_blork_the_orc, uniq_sigmund, uniq_edmund, uniq_eustachio

Skill      XL: |  1  2  3  4  5  6  7  8 |
---------------+-------------------------+-----
Earth Magic    | 4 5 6 7 8 |  8.2
Maces & Flails | 1 |  1.2
Spellcasting   | 3 4 5 6 |  6.2
Fighting       | 1 2 |  2.1
Staves         | 1 2 3 |  3.8
Stealth        | 3 |  3.3
Dodging        | 2 |  2.3
Conjurations   | |  0.9
Transmutations | |  0.8

Action                   |  1- 3 |  4- 6 |  7- 9 || total
-------------------------+-------+-------+-------++-------
Melee: Whip              |    66 |       |       ||    66
       Hand axe          |    10 |       |       ||    10
       Club              |     2 |       |       ||     2
       Quarterstaff      |       |    55 |    59 ||   114
Throw: Stone             |     1 |       |       ||     1
 Cast: Sandblast         |    38 |    56 |    76 ||   170
       Stone Arrow       |       |       |     5 ||     5
       Passwall          |       |       |     1 ||     1
  Use: Scroll            |       |    10 |     1 ||    11
       Potion            |       |       |     1 ||     1
 Stab: Sleeping          |     7 |     1 |     2 ||    10
       Distracted        |       |     1 |       ||     1
Armor: Robe              |    23 |    15 |    30 ||    68
Dodge: Dodged            |    56 |    37 |    55 ||   148

Table legend: (Time is in decaauts)
 A = Elapsed time spent in this place.
 B = Non-inter-level travel time spent in this place.
 C = Inter-level travel time spent in this place.
 D = Time resting spent in this place.
 E = Time spent auto-exploring this place.
 F = Levels seen in this place.
 G = Mean time per level.
                   A        B        C        D        E       F      G
               +--------+--------+--------+--------+--------+-----+--------+
         Total |   5870 |   5752 |    118 |   1150 |   3340 |   5 | 1174.0 |
       Dungeon |   5870 |   5752 |    118 |   1150 |   3340 |   5 | 1174.0 |
               +--------+--------+--------+--------+--------+-----+--------+

Top non-repeatable levels by time:
     D:3: 1462 daAuts
     D:5: 1214 daAuts
     D:4: 1141 daAuts
     D:1: 1075 daAuts
     D:2: 976 daAuts
